cohdb
Replays
Latest Replays
All Replays
Popular Replays
Top Player Replays
Match Explorer
How It Works
Community
CoH3 Stats
Reddit
Sign in to upload your games and track your stats! →
Sign in with Steam
Match 47127041
Unlisted
Match 47127041
Overview
Messages
Build Orders
End
Construct Infanterie Kompanie
Grenadier Squad
Selects Breakthrough Battlegroup
Selects Assault Grenadiers
Grenadier Squad
MG 42 Machine Gun Team
Construct Luftwaffe Kompanie
Construct Panzergrenadier Kompanie
Panzergrenadier Squad
Pak 40 Anti-tank Gun Team
Selects 2.5-tonne Cargo Truck
2.5-tonne Cargo Truck
Medical Station
Construct Panzer Kompanie
2.5-tonne Cargo Truck
Selects Blitzkrieg
Panzer IV Medium Tank
Side Skirts
Panzer Officer Quarters
Panzer IV Medium Tank
Selects Panzer IV Command Tank Sd.Kfz. 161/1
Blitzkrieg
United
~TAB~ THUND3RCHUNKY
Boneless
drinu019
0
0
Comments
sign in to comment!
No comments posted yet!